 Dungeon Crawl Stone Soup version 0.29.1-15-g9cfb28693d (webtiles) character file.

Game seed: 5535357602856252984

4918 LustLizard the Slicer (level 10, -1/61 HPs)
             Began as a Kobold Brigand on Apr 1, 2023.
             Was an Elder of Uskayaw.
             Slain by a boulder beetle (7 damage)
             ... on level 8 of the Dungeon.
             The game lasted 00:20:14 (11480 turns).

LustLizard the Slicer (Kobold Brigand)             Turns: 11480, Time: 00:20:14

Health: -1/61      AC:  9    Str: 10    XL:     10   Next: 80%
Magic:  15/15      EV: 22    Int: 12    God:    Uskayaw [****..]
Gold:   882        SH:  0    Dex: 20    Spells: 9/9 levels left

rFire   . . .      SeeInvis .   F - +2 dagger (speed)
rCold   + . .      Faith    .   (no shield)
rNeg    + . .      Spirit   .   G - +1 leather armour {rC+}
rPois   .          Reflect  .   (no helmet)
rElec   .          Harm     .   c - +0 cloak
rCorr   .          Rampage  .   (no gloves)
Will    +++..      Clarity  +   (no boots)
Stlth   +++++.....              I - amulet of the Four Winds {rN+ Will+++ Clar}
HPRegen 0.20/turn               e - +4 ring of protection
MPRegen 0.14/turn               n - +4 ring of evasion

@: about to teleport
A: small, no large weapons, nightstalker 3
a: Renounce Religion, Stomp, Line Pass


You were on level 8 of the Dungeon.
You worshipped Uskayaw.
Uskayaw was noncommittal.
You visited 1 branch of the dungeon, and saw 8 of its levels.
You also visited: Bailey.

You collected 949 gold pieces.
You spent 67 gold pieces at shops.

Inventory:

Hand Weapons
 F - a +2 dagger of speed (weapon)
Missiles
 a - 2 atropa-tipped darts (quivered)
 d - 13 poisoned darts
 f - 2 throwing nets
 g - 58 stones
Armour
 c - a +0 cloak (worn)
 G - a +1 leather armour of cold resistance (worn)
Jewellery
 e - a +4 ring of protection (left hand)
 h - a ring of protection from cold
 n - a +4 ring of evasion (right hand)
 I - the amulet of the Four Winds (around neck) {rN+ Will+++ Clar}
   (You took it off a gnoll bouda in a bailey)

   [amulet of nothing]

   rN:        It protects you from negative energy.
   Clar:      It protects you against confusion.
   Will:      It greatly increases your willpower.
Wands
 o - a wand of mindburst (17)
 w - a wand of charming (2)
 y - a wand of quicksilver (12)
 B - a wand of roots (8)
 E - a wand of flame (10)
 K - a wand of polymorph (11)
Scrolls
 b - a scroll of butterflies {unknown}
 i - a scroll of identify
 j - 2 scrolls of blinking
 l - a scroll of magic mapping {unknown}
 m - 2 scrolls of enchant weapon
 p - 2 scrolls of fear {unknown}
 v - 3 scrolls of teleportation
 A - 2 scrolls of poison {unknown}
 D - a scroll of amnesia {unknown}
 H - a scroll of torment {unknown}
Potions
 k - a potion of resistance {unknown}
 q - a potion of lignification {unknown}
 r - 2 potions of curing
 s - 2 potions of flight
 t - a potion of heal wounds {unknown}
 u - a potion of might {unknown}
 x - 2 potions of ambrosia
 z - a potion of berserk rage {unknown}
 C - a potion of magic {unknown}
Miscellaneous
 J - a condenser vane


   Skills:
 + Level 6.6 Fighting
 * Level 10.9 Short Blades
 - Level 5.0 Throwing
 + Level 6.8 Dodging
 + Level 9.5 Stealth
 * Level 7.8 Invocations


You had 9 spell levels left.
You didn't know any spells.
Your spell library contained the following spells:

 Spells                   Type           Power      Damage    Failure   Level
 Beastly Appendage        Tmut           0%         N/A       41%         1
 Freeze                   Ice            0%         1d3       41%         1
 Wereblood                Tmut           0%         N/A       56%         2
 Frozen Ramparts          Ice            0%         1d1       80%         3
 Ignite Poison            Fire/Tmut/Pois 0%         N/A       80%         3
 Mephitic Cloud           Conj/Pois/Air  0%         N/A       80%         3
 Spider Form              Tmut/Pois      0%         N/A       80%         3
 Hailstorm                Conj/Ice       0%         3d3       99%         4
 Alistair's Intoxication  Tmut/Pois      0%         N/A       100%        5
 Borgnjor's Vile Clutch   Necr/Erth      0%         N/A       100%        5
 Freezing Cloud           Conj/Ice/Air   0%         6-21      100%        5
 Conjure Ball Lightning   Conj/Air       0%         3x3d6     100%        6
 Eringya's Noxious Bog    Tmut/Pois      0%         N/A       100%        6
 Discord                  Hex            0%         N/A       100%        8
 Disjunction              Tloc           0%         N/A       100%        8


Dungeon Overview and Level Annotations

Branches:
Dungeon (8/15)             Temple (0/1) D:6          Bailey (visited)
   Lair: D:8-11

Altars:
Dithmenos
Elyvilon
Hepliaklqana
Uskayaw
Wu Jian
Xom
The Shining One

Shops:
D:3 *=!   D:7 (

Annotations:
D:4 exclusion: ogre, Dowan, Duvessa, Edmund, Sigmund
D:7 Joseph, Maggie


Innate Abilities, Weirdness & Mutations

You are small and have problems with some larger weapons.
You are completely attuned to the shadows.


Message History

You hit the gnoll.
The gnoll is heavily wounded.
Uskayaw will force your foes to helplessly watch your dance.
Uskayaw prepares the audience for your solo!
The helpless kobold brigand fails to defend itself.
You stick the kobold brigand like a pincushion!!!!
You kill the kobold brigand!
The helpless gnoll fails to defend itself.
You perforate the gnoll like a sieve!!!!
You kill the gnoll!
Uskayaw will force your foes to share their pain.
Uskayaw links your audience in an emotional bond!
A boulder beetle and a gnoll come into view.
The kobold is no longer paralysed.
The kobold hits you but does no damage.
You see here a +0 whip.
The gnoll shouts!
You hit the kobold but do no damage. You hit the kobold.
The kobold is severely wounded.
The kobold hits you but does no damage. The gnoll sergeant barely misses you.
The boulder beetle curls into a ball and begins rolling!
Things that are here:
a +0 dagger; 4 poisoned darts; a kobold corpse The kobold attacks as you move away!
The kobold hits you but does no damage. The gnoll barely misses you.
You see here a throwing net.
As you read the scroll of teleportation, it crumbles to dust.
You feel strangely unstable.
The gnoll is no longer sharing its pain.
The kobold is no longer sharing its pain.
The kobold misses you. The gnoll closely misses you.
The boulder beetle hits you!!!
Ouch! That really hurt!
* * * LOW HITPOINT WARNING * * *
The boulder beetle stops rolling and uncurls.
You hear two shouts!
You hear an angry hiss.
The kobold attacks as you move away! The kobold hits you but does no damage.
The boulder beetle attacks as you move away!
The boulder beetle bites you!
You die...

.... .###### ....
#..........# ###.
####..........#########.
.....................###
..K#.gg..............##
..#.#..................#
#...)g##g...###.###..#.#
##○.#gK@...##.... ##....
##..)B...## .###. ##...
####.#### ##.. .... #..
.#### #.. ...


You could see a boulder beetle, a gnoll sergeant, 2 gnolls and a kobold.

Vanquished Creatures
  A gargoyle (D:8)
  6 yaks (D:7)
  Menkaure (D:5)
  Grum (Bailey)
  An ice beast (D:6)
  A sky beast (D:7)
  2 black bears
  7 wolves (Bailey)
  3 ogres
  A centaur (D:5)
  2 kobold brigands
  7 gnoll sergeants (Bailey)
  A necrophage (D:5)
  4 scorpions
  4 wights (D:7)
  4 crimson imps (D:7)
  4 hounds
  A jelly (D:7)
  4 gnoll boudas (Bailey)
  9 iguanas
  Ijyb (D:5)
  Natasha (thrice) (D:4)
  3 orc wizards
  11 adders
  19 gnolls
  A white imp (D:7)
  An ufetubus (D:6)
  2 worms
  A dart slug (D:5)
  11 orcs
  3 bats
  7 endoplasms
  A giant cockroach (D:1)
  9 goblins
  7 hobgoblins
  2 quokkas
  9 ball pythons
  2 frilled lizards
  15 kobolds
  5 rats
177 creatures vanquished.

Vanquished Creatures (others)
  A quokka (D:4)
  A plant (D:6)
2 creatures vanquished.

Grand Total: 179 creatures vanquished

Notes
Turn   | Place    | Note
-------+----------+-------------------------------------------
     0 | D:1      | LustLizard the Kobold Brigand began the quest for the Orb.
     0 | D:1      | Reached XP level 1. HP: 12/12 MP: 1/1
   155 | D:1      | Reached skill level 3 in Short Blades
   155 | D:1      | Reached XP level 2. HP: 18/18 MP: 2/2
   288 | D:1      | Found a faded altar of an unknown god.
   745 | D:2      | Reached XP level 3. HP: 15/22 MP: 3/3
  1277 | D:2      | Reached XP level 4. HP: 27/27 MP: 4/4
  1359 | D:2      | Reached skill level 4 in Short Blades
  1675 | D:2      | Reached XP level 5. HP: 32/32 MP: 5/5
  1784 | D:3      | Found Hemiptes's Jewellery Shop.
  2163 | D:3      | Found Webetumos's Assorted Antiques.
  2170 | D:3      | Bought a scroll labelled XITHAX HEINKE for 28 gold pieces
  2170 | D:3      | Bought an inky potion for 25 gold pieces
  2656 | D:3      | Found Xizaneuk's Distillery.
  2819 | D:3      | Bought a potion of degeneration for 14 gold pieces
  2947 | D:3      | Noticed a kobold brigand
  2981 | D:3      | Killed a kobold brigand
  2982 | D:3      | Reached skill level 5 in Short Blades
  2982 | D:3      | Reached XP level 6. HP: 12/37 MP: 6/6
  3200 | D:3      | Found a hazy altar of Hepliaklqana.
  3204 | D:3      | Found a faded altar of an unknown god.
  3474 | D:4      | Found a hide-covered altar of Uskayaw.
  3495 | D:4      | Became a worshipper of Uskayaw the Reveller
  3546 | D:4      | Noticed Natasha
  3550 | D:4      | Killed Natasha
  3550 | D:4      | Reached * piety under Uskayaw
  3553 | D:4      | Reached ** piety under Uskayaw
  3653 | D:4      | Noticed an ogre
  3726 | D:4      | Noticed Duvessa
  3726 | D:4      | Noticed Dowan
  3751 | D:4      | Noticed Sigmund
  3902 | D:4      | Noticed Natasha
  3910 | D:4      | Found a white marble altar of Elyvilon.
  3993 | D:4      | Killed Natasha
  4005 | D:4      | Noticed Natasha
  4018 | D:4      | Killed Natasha
  4019 | D:4      | Reached skill level 1 in Invocations
  4019 | D:4      | Reached XP level 7. HP: 28/41 MP: 7/7
  4274 | D:4      | Noticed Edmund
  4360 | D:5      | Entered Level 5 of the Dungeon
  4479 | D:5      | Reached *** piety under Uskayaw
  4481 | D:5      | Reached skill level 6 in Short Blades
  4522 | D:5      | Reached **** piety under Uskayaw
  4853 | D:5      | Noticed Ijyb
  4855 | D:5      | Killed Ijyb
  4856 | D:5      | Reached XP level 8. HP: 48/48 MP: 9/9
  5128 | D:5      | Reached skill level 7 in Short Blades
  5537 | D:5      | Noticed Menkaure
  5554 | D:5      | Killed Menkaure
  6450 | D:6      | Found a shadowy altar of Dithmenos.
  6669 | D:6      | Found a glowing golden altar of the Shining One.
  6747 | D:6      | Found an ornate altar of the Wu Jian Council.
  6793 | D:6      | Found a staircase to the Ecumenical Temple.
  7057 | D:6      | Reached XP level 9. HP: 52/52 MP: 12/12
  7524 | D:7      | Reached skill level 8 in Short Blades
  7562 | D:7      | Found a flagged portal.
  7575 | D:7      | Noticed Maggie
  7595 | Bailey   | Entered a bailey
  8016 | Bailey   | Reached skill level 5 in Fighting
  8016 | Bailey   | Reached skill level 5 in Dodging
  8016 | Bailey   | Reached skill level 5 in Invocations
  8064 | Bailey   | Reached skill level 5 in Throwing
  8323 | Bailey   | Reached ***** piety under Uskayaw
  8374 | Bailey   | Reached skill level 9 in Short Blades
  9343 | Bailey   | Identified the +3 scale mail of Morality {Fly rCorr Dex-5}
  9365 | Bailey   | Reached XP level 10. HP: 60/60 MP: 14/14
  9391 | Bailey   | Noticed Grum
  9411 | Bailey   | Killed Grum
  9998 | D:7      | Reached skill level 10 in Short Blades
 10135 | D:7      | Found Hata Sitar's Weapon Shoppe.
 10137 | D:7      | Noticed Joseph
 10334 | D:7      | Found a shimmering altar of Xom.
 11388 | D:8      | Noticed a gargoyle
 11390 | D:8      | Killed a gargoyle
 11474 | D:8      | Noticed a boulder beetle
 11480 | D:8      | Slain by a boulder beetle

Illustrated notes

Levels and vault maps discovered:
D:1:      dpeg_chamrin_arrival_tetris, layout_basic,
          shapermc_ecumenical_altar_mp_highgroup
D:2:      layout_loops_ring, minmay_snake_closets
D:3:      layout_basic, beargit_hepliaklqana_dungeon_heroes, serial_shops,
          nicolae_shop_hallway_plus, nicolae_shop_hallway_plus,
          nicolae_diamond_shop
D:4:      layout_basic, elyvilon_altar_4, eat_drink_and_be_merry_uskayaw,
          minivault_24, minmay_misc_feat_tower, uniq_natasha, uniq_sigmund,
          uniq_duvessa, uniq_edmund
D:5:      layout_loops_corners, minmay_fractal_squares_diagonal_5, uniq_ijyb,
          uniq_menkaure
D:6:      layout_layer_cave, mainiacjoe_overflow_two_lobes,
          grunt_dithmenos_smoke, minmay_temple_entry_gardened_gates
D:7:      dreamdust_elfheim, layout_basic, led_xom_imps, serial_shops,
          nicolae_stop_n_shop_2, enter_bailey_5, uniq_joseph, uniq_maggie
D:8:      minmay_the_grid_octo_tiled_octocenter [minmay_the_grid_octo_checkered,
          minmay_the_grid_octo_tetromino_candy, minmay_the_grid_octo_77,
          minmay_the_grid_octo_concentric, minmay_the_grid_octo_prize_star,
          minmay_the_grid_square_5x5_inverted_slash,
          minmay_the_grid_square_5x5_three,
          minmay_the_grid_square_5x5_checkered_sparse,
          minmay_the_grid_square_5x5_seven], layout_basic, serial_shops,
          nicolae_square_shop

Skill      XL: |  1  2  3  4  5  6  7  8  9 10 |
---------------+-------------------------------+-----
Short Blades   | 3 4 5 6 7 9 10 | 10.9
Dodging        | 2 3 4 5 6 |  6.8
Throwing       | 3 4 5 |  5.0
Fighting       | 3 4 5 6 |  6.6
Stealth        | 6 7 8 9 |  9.5
Invocations    | 1 2 4 6 7 |  7.8

Action                   |  1- 3 |  4- 6 |  7- 9 | 10-12 || total
-------------------------+-------+-------+-------+-------++-------
Melee: Dagger            |    60 |   122 |   438 |   250 ||   870
       Punch             |       |       |     6 |     6 ||    12
Throw: Dart              |       |    23 |     9 |    11 ||    43
       Throwing net      |       |       |       |     1 ||     1
Invok: Line Pass         |       |       |     1 |       ||     1
Evoke: Wand              |       |       |    10 |       ||    10
  Use: Scroll            |     1 |     2 |     5 |     4 ||    12
       Potion            |       |       |     1 |       ||     1
 Stab: Sleeping          |    20 |    18 |    22 |    10 ||    70
       Distracted        |       |     4 |     2 |       ||     6
       Paralysed         |       |       |     8 |     7 ||    15
       Confused          |       |       |     1 |       ||     1
       Held in net/web   |       |       |       |     1 ||     1
Armor: Robe              |     8 |     6 |       |       ||    14
       Leather armour    |       |     3 |    50 |     9 ||    62
Dodge: Dodged            |    16 |    68 |   261 |    91 ||   436
